 Dungeon Crawl Stone Soup version 0.18.1-48-g4cf74bf (webtiles) character file.

199 kobby the Shield-Bearer (level 6, -1/47 HPs)
             Began as a Human Fighter on July 7, 2016.
             Killed by nerve-wracking pain
             ... invoked by an orc priest
              (4 damage)
             ... on level 3 of the Dungeon.
             The game lasted 00:05:40 (2273 turns).

kobby the Shield-Bearer (Human Fighter)             Turns: 2273, Time: 00:05:41

Health: -1/47      AC:  8    Str: 29      XL:     6   Next: 6%
Magic:  6/6        EV:  8    Int:  7 (8)  God:
Gold:   145        SH: 16    Dex: 11 (13) Spells: 0 memorised, 5 levels left

rFire  . . .     SeeInvis .     a - +0 war axe
rCold  . . .     Gourm    .     b - +0 scale mail
rNeg   . . .     Faith    .     c - +0 shield
rPois  .         Spirit   .     (no helmet)
rElec  .         Dismiss  .     (no cloak)
rCorr  .         Reflect  +     e - +0 pair of gloves
SustAt .         Harm     .     (no boots)
MR     .....                    g - +6 amulet of reflection
Stlth  ..........               (no ring)
                                q - +6 ring of strength

@: mighty, not resistant to hostile enchantments, extremely unstealthy
A: mutation resistance 1, wild magic 2
a: no special abilities


You were on level 3 of the Dungeon.
You were not hungry.

You visited 1 branch of the dungeon, and saw 3 of its levels.

You collected 145 gold pieces.

Inventory:

Hand Weapons
 a - a +0 war axe (weapon)
Armour
 b - a +0 scale mail (worn)
 c - a +0 shield (worn)
 e - a +0 pair of gloves (worn)
Jewellery
 g - a +6 amulet of reflection (around neck)
 q - a +6 ring of strength (left hand)
Scrolls
 h - 5 scrolls of identify
 j - a scroll of remove curse {unknown}
 m - 3 scrolls of teleportation {unknown}
 n - 3 scrolls of fear {unknown}
Comestibles
 f - a bread ration


   Skills:
 + Level 3.6 Fighting
 + Level 2.7 Axes
 + Level 3.9 Armour
 + Level 1.1 Dodging
 + Level 4.6 Shields


You had 5 spell levels left.
You didn't know any spells.

Dungeon Overview and Level Annotations

Branches:
Dungeon (3/15)

Altars:
Cheibriados
Elyvilon
Kikubaaqudgha
Makhleb
Pakellas
Yredelemnul


Innate Abilities, Weirdness & Mutations

You are somewhat resistant to further mutation.
Your spells are harder to cast, but more powerful.


Message History

You closely miss the orc priest.
The orc priest is lightly wounded.
The orc priest hits you with a falchion.
* * * LOW HITPOINT WARNING * * *
You slash the orc priest!
The orc priest is heavily wounded.
You block the orc priest's attack.
You barely miss the orc priest.
The orc priest is heavily wounded.
The orc priest barely misses you.
Drink which item? (? for menu, Esc to quit)
You feel very mighty all of a sudden. You block the orc priest's attack.
You hit the orc priest.
The orc priest is almost dead.
The orc priest hits you with a falchion.
* * * LOW HITPOINT WARNING * * *
The orc priest invokes the aid of Beogh against you.
Pain shoots through your body!
You die...

..8.8...#
.8._.8..#########
..8.8...........#
..)8..........#.########
.......###.##.....(.....
#...#รท##
#.##...........
......####.##.#)##..#.#.
#.#...........[)o.....#
.....####.###.##@#..###
#.#..####. .o.##.# ....
........#......... ###
.....#.......o##.##
#.#........... #.#
.....##.#..... #.#
#.##.# .#####. ...
#.##... #.# ........#


You could see an orc priest.

Vanquished Creatures
  A scorpion (D:3)
  An orc priest (D:3)
  Terence (D:2)
  A gnoll (D:1)
  2 adders
  An ooze (D:3)
  2 dart slugs
  3 giant geckos
  3 orcs (D:3)
  2 giant cockroaches
  7 goblins
  7 hobgoblins
  6 jackals
  5 kobolds
  4 bats
  2 giant newts
  5 rats
53 creatures vanquished.

Notes
Turn   | Place    | Note
--------------------------------------------------------------
     0 | D:1      | kobby the Human Fighter began the quest for the Orb.
     0 | D:1      | Reached XP level 1. HP: 18/18 MP: 1/1
   110 | D:1      | Reached XP level 2. HP: 22/24 MP: 2/2
   142 | D:1      | Reached XP level 3. HP: 12/29 MP: 3/3
   708 | D:2      | Noticed Terence
   728 | D:2      | Killed Terence
   728 | D:2      | Reached XP level 4. HP: 21/35 MP: 4/4
   849 | D:2      | Found an oddly glowing altar of Pakellas.
  1056 | D:2      | Found a basalt altar of Yredelemnul.
  1073 | D:2      | Reached skill level 4 in Shields
  1179 | D:2      | Found a white marble altar of Elyvilon.
  1182 | D:2      | Found a burning altar of Makhleb.
  1185 | D:2      | Found an ancient bone altar of Kikubaaqudgha.
  1443 | D:2      | Found a snail-covered altar of Cheibriados.
  1712 | D:3      | Reached XP level 5. HP: 31/41 MP: 5/5
  1923 | D:3      | Found a faded altar to an unknown god.
  1958 | D:3      | Gained mutation: Your spells are a little harder to cast, but a little more powerful. [potion of mutation]
  1958 | D:3      | Gained mutation: Your spells are harder to cast, but more powerful. [potion of mutation]
  1958 | D:3      | Gained mutation: You are somewhat resistant to further mutation. [potion of mutation]
  1984 | D:3      | Reached skill level 1 in Dodging
  2258 | D:3      | Reached XP level 6. HP: 30/47 MP: 6/6
  2273 | D:3      | Killed from afar by an orc priest

Skill      XL: |  1  2  3  4  5 |
---------------+----------------+-----
Shields        | 4 |  4.6
Dodging        | 1 |  1.1
Fighting       | |  3.6
Axes           | |  2.7
Armour         | |  3.9

Action                   |  1- 3 |  4- 6 || total
-------------------------+-------+-------++-------
Melee: War axe           |    83 |   155 ||   238
  Use: Scroll            |       |     2 ||     2
       Potion            |       |     7 ||     7
  Eat: Bread ration      |       |     1 ||     1
       Beef jerky        |       |     1 ||     1
Armor: Scale mail        |    27 |    60 ||    87
Dodge: Dodged            |    23 |    49 ||    72
Block: Shield            |    35 |   152 ||   187
